 Dungeon Crawl Stone Soup version 0.29-a0-266-gf56f883ddd (webtiles) character file.

Game seed: 10830915378802702154

2 Armakuni the Twirler (level 1, 0/16 HPs)
             Began as a Human Gladiator on Mar 6, 2022.
             Slain by a jackal (3 damage)
             ... on level 1 of the Dungeon.
             The game lasted 00:00:42 (42 turns).

Armakuni the Twirler (Human Gladiator)                Turns: 42, Time: 00:00:43

Health: 0/16       AC:  4    Str: 14    XL:     1   Next: 44%
Magic:  1/1        EV: 12    Int:  8    God:
Gold:   0          SH:  0    Dex: 14    Spells: 0/0 levels left

rFire   . . .      SeeInvis .   a - +0 quarterstaff
rCold   . . .      Faith    .   (shield currently unavailable)
rNeg    . . .      Spirit   .   b - +0 leather armour
rPois   .          Reflect  .   c - +0 helmet
rElec   .          Harm     .   (no cloak)
rCorr   .          Rampage  .   (no gloves)
Will    .....                   (no boots)
Stlth   +.........              (no amulet)
HPRegen 0.05/turn               (no ring)
MPRegen 0.07/turn               (no ring)

@: no status effects
A: no striking features
a: no special abilities


You were on level 1 of the Dungeon.
You visited 1 branch of the dungeon, and saw 1 of its levels.

Inventory:

Hand Weapons
 a - a +0 quarterstaff (weapon)
Missiles
 d - 2 throwing nets (quivered)
Armour
 b - a +0 leather armour (worn)
 c - a +0 helmet (worn)


   Skills:
 + Level 2.1 Fighting
 + Level 3.1 Staves
 - Level 2.0 Throwing
 - Level 3.0 Dodging


You couldn't memorise any spells.
You didn't know any spells.
Your spell library was empty.

Dungeon Overview and Level Annotations

Branches:
Dungeon (1/15)

Altars:


Message History

The jackal struggles against the net.
The net rips apart, and the jackal comes free!
The jackal barely misses you. The jackal closely misses you.
The jackal bites you but does no damage.
You aren't carrying any potions.
You aren't carrying any scrolls.
Throw: throwing net
Press: ? - help, Q - select action, (/) - cycle Shift-Dir - straight line, f/p - jackal
Aim: a jackal (53% to hit)
You throw a throwing net.
The throwing net barely misses the jackal.
The jackal barely misses you. The jackal misses you.
The jackal bites you but does no damage. x2
You hit the jackal.
You kill the jackal!
The jackal bites you. The jackal misses you. The jackal barely misses you.
The jackal attacks as you move away! The jackal misses you.
The jackal bites you. The jackal barely misses you.
Throw: javelin
Press: ? - help, Q - select action Shift-Dir - straight line, f - goblin, p - jackal
Aim: a goblin, wielding a +0 club (53% to hit)
Okay, then.
Throw: javelin
Press: ? - help, Q - select action Shift-Dir - straight line, f/p - jackal
Aim: a jackal (53% to hit)
You throw a javelin. The javelin closely misses the jackal.
The jackal bites you.
* * * LOW HITPOINT WARNING * * *
The jackal barely misses you. The jackal closely misses you.
The jackal barely misses you. The jackal barely misses you.
The jackal misses you. The jackal attacks as you move away!
The jackal misses you.
The jackal bites you but does no damage.
The jackal bites you.
* * * LOW HITPOINT WARNING * * *
You see here 2 throwing nets.
d - 2 throwing nets The jackal bites you but does no damage.
The jackal bites you.
You die...

###########
#<.......>#
#.........#
#.........#
#.........#
#.........#≈
#.........≈≈
#@h......≈≈≈
#.h††≈≈≈≈≈≈≈
###≈≈≈≈≈≈≈≈≈≈#
##≈≈≈g≈≈≈≈≈≈≈##
#≈≈≈≈≈≈≈≈≈...#
#≈≈≈≈........#
#≈≈≈#..(......#
#≈≈##.........#
#≈# #.........#


You could see 2 jackals and a goblin.

Vanquished Creatures
  2 jackals (D:1)
2 creatures vanquished.

Notes
Turn   | Place    | Note
-------+----------+-------------------------------------------
     0 | D:1      | Armakuni the Human Gladiator began the quest for the Orb.
     0 | D:1      | Reached XP level 1. HP: 16/16 MP: 1/1
    42 | D:1      | Slain by a jackal

Illustrated notes

Levels and vault maps discovered:
D:1:      lemuel_arrival_river_ford, layout_loops_ring,
          dreamdust_ecumenical_altar_statues, dreamdust_princess_corridor

Action                   || total
-------------------------++-------
Melee: Quarterstaff      ||    14
Throw: Throwing net      ||     3
       Javelin           ||     1
Armor: Leather armour    ||     9
Dodge: Dodged            ||    33

Table legend: (Time is in decaauts)
 A = Elapsed time spent in this place.
 B = Non-inter-level travel time spent in this place.
 C = Inter-level travel time spent in this place.
 D = Time resting spent in this place.
 E = Time spent auto-exploring this place.
 F = Levels seen in this place.
 G = Mean time per level.
                   A        B        C        D        E       F      G
               +--------+--------+--------+--------+--------+-----+--------+
         Total |     47 |     47 |      0 |      0 |     13 |   1 |   47.0 |
       Dungeon |     47 |     47 |      0 |      0 |     13 |   1 |   47.0 |
               +--------+--------+--------+--------+--------+-----+--------+

Top non-repeatable levels by time:
     D:1: 47 daAuts
